 Dungeon Crawl Stone Soup version 0.22-a0-166-g5351223 (webtiles) character file.

387 MatthieuS the Magician (level 6, -2/37 HPs)
             Began as a Deep Elf Warper on Feb 13, 2018.
             Was a Follower of Makhleb.
             Slain by an ogre
             ... wielding a +0 giant club
              (15 damage)
             ... on level 4 of the Dungeon.
             The game lasted 00:10:13 (3930 turns).

MatthieuS the Magician (Deep Elf Warper)            Turns: 3930, Time: 00:10:14

Health: -2/37      AC:  8    Str:  8    XL:     6   Next: 49%
Magic:  8/15       EV:  9    Int: 18    God:    Makhleb [*.....]
Gold:   168        SH:  0    Dex: 16    Spells: 8/15 levels left

rFire    . . .     SeeInvis .   j - +1 whip (venom)
rCold    + . .     Gourm    .   (no shield)
rNeg     . . .     Faith    .   n - +2 scale mail {rC+}
rPois    .         Spirit   .   (no helmet)
rElec    .         Reflect  .   (no cloak)
rCorr    .         Harm     .   (no gloves)
MR       .....                  (no boots)
Stlth    ..........             (no amulet)
HPRegen  0.12/turn              (no ring)
MPRegen  0.14/turn              (no ring)

@: very slightly contaminated
A: no striking features
a: Renounce Religion


You were on level 4 of the Dungeon.
You worshipped Makhleb.
Makhleb was aware of your devotion.
You were not hungry.

You visited 1 branch of the dungeon, and saw 4 of its levels.

You collected 168 gold pieces.

Inventory:

Hand Weapons
 a - a +0 short sword
 j - a +1 whip of venom (weapon)
Missiles
 e - 5 tomahawks of dispersal (quivered)
 h - 37 arrows
Armour
 b - a +0 leather armour
 g - a +0 ring mail
 n - a +2 scale mail of cold resistance (worn)
Wands
 i - a wand of iceblast (8)
Scrolls
 d - 3 scrolls of blinking
 l - a scroll of amnesia
 m - a scroll of remove curse
 o - a scroll of fear
 p - 2 scrolls of teleportation
 q - 2 scrolls of enchant weapon
Potions
 s - 2 potions of invisibility
Books
 c - a book of Spatial Translocations

   Spells                             Type                      Level
   a - Blink                          Translocation                2
   b - Shroud of Golubria             Charms/Translocation         2
   c - Lesser Beckoning               Translocation                3
   d - Gell's Gravitas                Translocation                3
   e - Teleport Other                 Translocation                3
   f - Passage of Golubria            Translocation                4
Comestibles
 f - 9 rations
 k - 4 chunks of flesh


   Skills:
 + Level 3.0 Fighting
 - Level 2.2 Short Blades
 + Level 0.4 Maces & Flails
 - Level 1.0 Throwing
 - Level 2.4 Armour
 + Level 4.5 Dodging
 - Level 5.0 Spellcasting
 + Level 3.8 Translocations


You had 8 spell levels left.
You knew the following spells:

 Your Spells              Type           Power        Failure   Level  Hunger
a - Blink                 Tloc           N/A          36%         2    #......
b - Shroud of Golubria    Chrm/Tloc      ##........   63%         2    #......
c - Gell's Gravitas       Tloc           ###.......   58%         3    ##.....


Dungeon Overview and Level Annotations

Branches:
Dungeon (4/15)
 Temple: D:4-7

Altars:
Fedhas
Makhleb
Nemelex Xobeh
Yredelemnul


Message History

Casting: Blink (safe; 36% risk of failure)
Confirm with . or Enter, or press ? or * to list all spells.
You blink.
Evoke which item? (* to show all) (? for menu, Esc to quit)
Aiming: Iceblast
Press: ? - help, Shift-Dir - straight line, f - ogre
Aim: an ogre, wielding a giant club The mass of ice explodes!
The iceblast engulfs the ogre.
The ogre is moderately wounded.
You hit the ogre.
The ogre is poisoned.
The ogre is heavily wounded.
The ogre hits you with a giant club!
Casting: Blink (safe; 36% risk of failure)
Confirm with . or Enter, or press ? or * to list all spells.
You miscast Blink.
You spin around.
The ogre hits you with a giant club.
Casting: Blink (safe; 36% risk of failure)
Confirm with . or Enter, or press ? or * to list all spells.
You miscast Blink.
You feel uncomfortable. The ogre barely misses you.
The ogre hits you with a giant club!
You die...

#...!....#### #..#....
#........... #.......
#.........#######.##.###
#.........#...#........#
#.......).#.#.#.#....#.#
#.......))#.#.#.#....#.#
#######+#.#)#.#.#..#....
...............>.....#.#
#####@#..####.#..#.#.#
#O#..#.........#..
#......##.........
########..#######.#####
........^..............
########..#######.#####
#..#######.<#
####...........#
#.......######.#


You could see an ogre.

Vanquished Creatures
  The ghost of Oroborous the Magician, an amateur TrWz (D:3)
  A crimson imp (D:4)
  A hound (D:2)
  Ijyb (D:4)
  3 orc wizards
  7 adders
  A worm (D:3)
  2 dart slugs
  A leopard gecko (D:3)
  9 orcs
  2 giant cockroaches
  5 goblins
  2 hobgoblins
  2 quokkas
  7 bats
  6 frilled lizards
  8 kobolds
  4 rats
  A plant (D:2)
64 creatures vanquished.

Notes
Turn   | Place    | Note
-------+----------+-------------------------------------------
     0 | D:1      | MatthieuS the Deep Elf Warper began the quest for the Orb.
     0 | D:1      | Reached XP level 1. HP: 12/12 MP: 6/6
   618 | D:1      | Reached skill level 1 in Armour
  1006 | D:1      | Reached XP level 2. HP: 4/17 MP: 8/8
  1539 | D:2      | Learned a level 2 spell: Blink
  1542 | D:2      | Learned a level 2 spell: Shroud of Golubria
  1694 | D:2      | Found a sparkling altar of Nemelex Xobeh.
  1775 | D:2      | Reached XP level 3. HP: 14/21 MP: 10/10
  1992 | D:2      | Found a basalt altar of Yredelemnul.
  2325 | D:2      | Found a burning altar of Makhleb.
  2331 | D:2      | Reached XP level 4. HP: 24/26 MP: 11/11
  2338 | D:2      | Became a worshipper of Makhleb the Destroyer
  2510 | D:2      | Reached skill level 4 in Spellcasting
  2948 | D:3      | Noticed Oroborous's ghost (amateur TrWz)
  3081 | D:3      | Killed Oroborous's ghost
  3081 | D:3      | Reached XP level 5. HP: 23/31 MP: 13/13
  3148 | D:3      | Learned a level 3 spell: Gell's Gravitas
  3224 | D:3      | Reached XP level 6. HP: 27/36 MP: 15/15
  3339 | D:3      | Reached * piety under Makhleb
  3628 | D:3      | Found a blossoming altar of Fedhas.
  3719 | D:4      | Noticed Ijyb
  3732 | D:4      | Killed Ijyb
  3732 | D:4      | Reached skill level 5 in Spellcasting
  3930 | D:4      | Slain by an ogre

Vault maps used:
D:1:      nicolae_arrival_memento_mori
D:2:      makhleb_heckhound_becter, nicolae_overflow_hidden_temple,
          corexii_shack, nemelex_lonely_heart_becter
D:3:      fedhas_altar_1
D:4:      first_ration, portal_sewer_entry_e, uniq_ijyb

Skill      XL: |  1  2  3  4  5  6 |
---------------+-------------------+-----
Armour         | 1 2 |  2.4
Fighting       | 2 3 |  3.0
Dodging        | 3 4 |  4.5
Spellcasting   | 4 5 |  5.0
Short Blades   | |  2.2
Maces & Flails | |  0.4
Throwing       | |  1.0
Translocations | |  3.8

Action                   |  1- 3 |  4- 6 || total
-------------------------+-------+-------++-------
Melee: Short sword       |    70 |       ||    70
       Whip              |    41 |   156 ||   197
 Cast: Shroud of Golubri |     1 |       ||     1
       Blink             |       |     1 ||     1
Evoke: Wand              |       |     1 ||     1
  Use: Scroll            |     1 |     8 ||     9
       Potion            |       |     2 ||     2
  Eat: Chunk             |     3 |     7 ||    10
Armor: Leather armour    |    12 |       ||    12
       Ring mail         |    29 |    47 ||    76
       Scale mail        |       |    22 ||    22
Dodge: Dodged            |    74 |    93 ||   167

Table legend:
 A = Spawn XP
 B = Non-spawn XP
 C = Spawn XP percentage of total XP
 D = Spawn monster count
 E = Non-spawn monster count
 F = Spawn count percentage of total count
 G = Total turns spent on level
                    A         B        C        D         E        F      G
               +---------+---------+-------+---------+---------+-------+---------
         Total |       0 |     554 |   0.0 |       0 |      63 |   0.0 |  3930
               +---------+---------+-------+---------+---------+-------+---------
           D:1 |       0 |      18 |   0.0 |       0 |      13 |   0.0 |  1532
           D:2 |       0 |     103 |   0.0 |       0 |      18 |   0.0 |  1250
           D:3 |       0 |     288 |   0.0 |       0 |      24 |   0.0 |   928
           D:4 |       0 |     145 |   0.0 |       0 |       8 |   0.0 |   220
               +---------+---------+-------+---------+---------+-------+---------
